GCL
BALTIMORE (GCL) ORIOLES @ PITTSBURGH (GCL) PIRATES
07/13/2099
 
TOP OF THE 1ST
Baltimore (GCL) Orioles batting - Pitching for Pittsburgh (GCL) Pirates : RHP Angelo Salas
Pitching: RHP Angelo Salas
Batting: RHB Matt Wilson 0-0: Ball
1-0: Foul Ball, location: 9LDF
1-1: Swinging Strike
1-2: Strikes out looking
Batting: RHB Francisco Ferrer 0-0: Foul Ball, location: 9LSF
0-1: Ball
1-1: Foul Ball, location: 2LF
1-2: Ball
2-2: Strikes out swinging
Batting: RHB Eddie Medina 0-0: Foul Ball, location: 2F
0-1: Ball
1-1: Swinging Strike
1-2: Strikes out swinging
Top of the 1st over - 0 runs, 0 hits, 0 errors, 0 left on base; Baltimore (GCL) 0 - Pittsburgh (GCL) 0
BOTTOM OF THE 1ST
Pittsburgh (GCL) Pirates batting - Pitching for Baltimore (GCL) Orioles : RHP Edgar Martinez
Pitching: RHP Edgar Martinez
Batting: RHB Matt Bradley 0-0: Foul Ball, location: 9LSF
0-1: Ball
1-1: Fly out, F7 (Flyball, 78D, EV 109.4 MPH)
Batting: RHB Mark Steele 0-0: Ground out 5-3 (Groundball, 56, EV 91.3 MPH)
Batting: SHB Nate Esposito 0-0: Ball
1-0: TRIPLE (Flyball, 8RXD, EV 101.9 MPH)
Batting: RHB Dan Madsen 0-0: Foul Ball, location: 9LMF
0-1: Swinging Strike
0-2: SINGLE (Line Drive, 34D, EV 105.0 MPH)
Nate Esposito scores
Batting: RHB Steve Ruse 0-0: Foul Ball, location: 23FF
0-1: Ball
Dan Madsen steals 2nd base
1-1: SINGLE (Line Drive, 6MD, EV 95.6 MPH)
Dan Madsen to third
Runner from 3rd tries for Home, SAFE, throw by CF to home
Batting: RHB Adam Struthers 0-0: Called Strike
0-1: Ball
Steve Ruse steals 2nd base
1-1: Swinging Strike
1-2: Ground out 6-3 (Groundball, 6, EV 78.8 MPH)
Bottom of the 1st over - 2 runs, 3 hits, 0 errors, 1 left on base; Baltimore (GCL) 0 - Pittsburgh (GCL) 2
TOP OF THE 2ND
Baltimore (GCL) Orioles batting - Pitching for Pittsburgh (GCL) Pirates : RHP Angelo Salas
Batting: RHB Chris Rempert 0-0: Ball
1-0: Ball
2-0: Ball
3-0: Base on Balls
Batting: SHB Mike Martinez 0-0: SINGLE (Line Drive, 6MD, EV 96.9 MPH)
Chris Rempert to second
Batting: RHB Rickey Beckon 0-0: Ball
1-0: Grounds into double play, 6-4-3 (Groundball, 6, EV 84.4 MPH)
Chris Rempert to third
Batting: LHB Mark Dunlap 0-0: Called Strike
0-1: Foul Ball, location: 2F
0-2: Foul Ball, location: 23F
0-2: Ball
1-2: Ground out 4-3 (Groundball, 4S, EV 80.6 MPH)
Top of the 2nd over - 0 runs, 1 hit, 0 errors, 1 left on base; Baltimore (GCL) 0 - Pittsburgh (GCL) 2
BOTTOM OF THE 2ND
Pittsburgh (GCL) Pirates batting - Pitching for Baltimore (GCL) Orioles : RHP Edgar Martinez
Batting: RHB Craig Shaffer 0-0: Ball
1-0: Ball
2-0: TRIPLE (Flyball, 89XD, EV 86.9 MPH)
Batting: RHB Kevin Frazier 0-0: Called Strike
0-1: Called Strike
0-2: Strikes out swinging
Batting: RHB Bruce Cuentas 0-0: Foul Ball, location: 5F
0-1: Ball
1-1: Ground out 6-3 (Groundball, 6, EV 85.6 MPH)
Batting: RHB Matt Bradley 0-0: Foul Ball, location: 9LMF
0-1: Fly out, F8 (Flyball, 8RD, EV 104.4 MPH)
Bottom of the 2nd over - 0 runs, 1 hit, 0 errors, 1 left on base; Baltimore (GCL) 0 - Pittsburgh (GCL) 2
TOP OF THE 3RD
Baltimore (GCL) Orioles batting - Pitching for Pittsburgh (GCL) Pirates : RHP Angelo Salas
Batting: RHB Arturo Burgos 0-0: Ball
1-0: Foul Ball, location: 2F
1-1: Foul Ball, location: 2F
1-2: Foul Ball, location: 7LDF
1-2: Ball
2-2: Fly out, F9 (Flyball, 89S, EV 83.1 MPH)
Batting: RHB Jim Unknown 0-0: Ball
1-0: Ball
2-0: Swinging Strike
2-1: Foul Ball, location: 7LSF
2-2: Strikes out swinging
Batting: RHB Matt Wilson 0-0: Fly out, F7 (Flyball, 7D, EV 103.1 MPH)
Top of the 3rd over - 0 runs, 0 hits, 0 errors, 0 left on base; Baltimore (GCL) 0 - Pittsburgh (GCL) 2
BOTTOM OF THE 3RD
Pittsburgh (GCL) Pirates batting - Pitching for Baltimore (GCL) Orioles : RHP Edgar Martinez
Batting: RHB Mark Steele 0-0: Swinging Strike
0-1: Ball
1-1: Foul Ball, location: 2F
1-2: Foul Ball, location: 2F
1-2: Foul Ball, location: 2F
1-2: Ball
2-2: Foul Ball, location: 2F
2-2: Strikes out looking
Batting: SHB Nate Esposito 0-0: Ground out 5-3 (Groundball, 15, EV 83.1 MPH)
Batting: RHB Dan Madsen 0-0: Ball
1-0: SOLO HOME RUN (Flyball, 78XD, EV 101.9 MPH), Distance : 405 ft
Batting: RHB Steve Ruse 0-0: Foul Ball, location: 2F
0-1: SINGLE (Line Drive, 9S, EV 103.8 MPH)
Batting: RHB Adam Struthers 0-0: Called Strike
0-1: Foul Ball, location: 5FF
0-2: Fly out, F8 (Flyball, 8RXD, EV 100.6 MPH)
Bottom of the 3rd over - 1 run, 2 hits, 0 errors, 1 left on base; Baltimore (GCL) 0 - Pittsburgh (GCL) 3
TOP OF THE 4TH
Baltimore (GCL) Orioles batting - Pitching for Pittsburgh (GCL) Pirates : RHP Angelo Salas
Batting: RHB Francisco Ferrer 0-0: Called Strike
0-1: Swinging Strike
0-2: Ball
1-2: Ball
2-2: Ball
3-2: Foul Ball, location: 3FF
3-2: Foul Ball, location: 9LMF
3-2: Fly out, F5 (Popup, 5SF, EV 76.9 MPH)
Batting: RHB Eddie Medina 0-0: Ball
1-0: Ball
2-0: Ball
3-0: Base on Balls
Batting: RHB Chris Rempert 0-0: SINGLE (Groundball, 34D, EV 102.5 MPH)
Eddie Medina to second
Runner from 2nd tries for 3rd, SAFE, throw by RF made to third
Batting: SHB Mike Martinez 0-0: Ball
1-0: Ball
2-0: Ball
3-0: Base on Balls
Chris Rempert to second
Batting: RHB Rickey Beckon 0-0: Ball
1-0: Called Strike
1-1: Ball
2-1: Foul Ball, location: 25FF
2-2: SINGLE (Flyball, 5D, EV 91.9 MPH)
Eddie Medina scores
Chris Rempert to third
Mike Martinez to second
Batting: LHB Mark Dunlap 0-0: Called Strike
0-1: Called Strike
0-2: Ball
1-2: Ball
2-2: Ball
3-2: Base on Balls
Chris Rempert scores
Mike Martinez to third
Rickey Beckon to second
Pitching: RHP Billy Acosta
Batting: RHB Arturo Burgos 0-0: Foul Ball, location: 5F
0-1: Foul Ball, location: 9LSFF
0-2: Ball
1-2: Fly out, F8 (Flyball, 8LXD, EV 111.9 MPH)
Runner from 3rd tags up, SCORES, no throw by CF
Batting: RHB Jim Unknown 0-0: Fly out, F8 (Flyball, 8LS, EV 78.1 MPH)
Top of the 4th over - 3 runs, 2 hits, 0 errors, 2 left on base; Baltimore (GCL) 3 - Pittsburgh (GCL) 3
BOTTOM OF THE 4TH
Pittsburgh (GCL) Pirates batting - Pitching for Baltimore (GCL) Orioles : RHP Edgar Martinez
Batting: RHB Craig Shaffer 0-0: Called Strike
0-1: Swinging Strike
0-2: Ground out 5-3 (Groundball, 56, EV 78.8 MPH)
Batting: RHB Kevin Frazier 0-0: Called Strike
0-1: Swinging Strike
0-2: Ball
1-2: Strikes out swinging
Batting: RHB Bruce Cuentas 0-0: Foul Ball, location: 9LSF
0-1: Swinging Strike
0-2: Ball
1-2: Strikes out swinging
Bottom of the 4th over - 0 runs, 0 hits, 0 errors, 0 left on base; Baltimore (GCL) 3 - Pittsburgh (GCL) 3
TOP OF THE 5TH
Baltimore (GCL) Orioles batting - Pitching for Pittsburgh (GCL) Pirates : RHP Billy Acosta
Batting: RHB Matt Wilson 0-0: Ball
1-0: Ball
2-0: Ball
3-0: Called Strike
3-1: Foul Ball, location: 2F
3-2: SINGLE (Groundball, 6M, EV 99.4 MPH) (infield hit)
Batting: RHB Francisco Ferrer 0-0: Ball
1-0: Ball
2-0: Called Strike
2-1: Ball
3-1: Swinging Strike
3-2: Base on Balls
Matt Wilson to second
Batting: RHB Eddie Medina 0-0: Called Strike
0-1: Called Strike
0-2: SINGLE (Line Drive, 7S, EV 102.5 MPH)
Matt Wilson to third
Francisco Ferrer to second
Pinch Hitting: LHB Ali Perry 0-0: Called Strike
0-1: DOUBLE (Flyball, 78XD, EV 82.5 MPH)
Matt Wilson scores
Francisco Ferrer scores
Eddie Medina to third
Batting: SHB Mike Martinez 0-0: Ball
1-0: Called Strike
1-1: Fly out, F9 (Flyball, 9LSF, EV 98.1 MPH)
Batting: RHB Rickey Beckon 0-0: SINGLE (Groundball, 4MD, EV 100.0 MPH)
Eddie Medina scores
Ali Perry to third
Runner from 3rd tries for Home, SAFE, throw by CF to home
Pitching: RHP Joseph Gargallo
Batting: LHB Mark Dunlap 0-0: Fly out, F8 (Flyball, 8LM, EV 91.9 MPH)
Batting: RHB Arturo Burgos 0-0: Ball
1-0: Foul Ball, location: 9LMF
1-1: Called Strike
1-2: Foul Ball, location: 5FF
1-2: Foul Ball, location: 3DF
1-2: 2-RUN HOME RUN (Flyball, 89XD, EV 100.6 MPH), Distance : 420 ft
Batting: RHB Jim Unknown 0-0: Ball
1-0: Ball
2-0: Swinging Strike
2-1: SINGLE (Groundball, 13S, EV 70.0 MPH) (infield hit)
Batting: RHB Matt Wilson 0-0: SINGLE (Groundball, 6D, EV 98.8 MPH)
Jim Unknown to second
Batting: RHB Francisco Ferrer 0-0: Ball
1-0: Foul Ball, location: 3F
1-1: Foul Ball, location: 2F
1-2: Strikes out swinging
Top of the 5th over - 6 runs, 7 hits, 0 errors, 2 left on base; Baltimore (GCL) 9 - Pittsburgh (GCL) 3
BOTTOM OF THE 5TH
Pittsburgh (GCL) Pirates batting - Pitching for Baltimore (GCL) Orioles : RHP Edgar Martinez
Now in CF: Ali Perry
Batting: RHB Matt Bradley 0-0: Called Strike
0-1: Called Strike
0-2: Ball
1-2: Ball
2-2: Foul Ball, location: 3FF
2-2: Foul Ball, location: 3SF
2-2: Foul Ball, location: 2F
2-2: Ball
3-2: Ground out 6-3 (Groundball, 6, EV 101.3 MPH)
Batting: RHB Mark Steele 0-0: Ball
1-0: Foul Ball, location: 9LDF
1-1: Called Strike
1-2: Foul Ball, location: 5FF
1-2: Fly out, F8 (Line Drive, 8RM, EV 107.5 MPH)
Batting: SHB Nate Esposito 0-0: Called Strike
0-1: Ball
1-1: Foul Ball, location: 2F
1-2: Strikes out looking
Bottom of the 5th over - 0 runs, 0 hits, 0 errors, 0 left on base; Baltimore (GCL) 9 - Pittsburgh (GCL) 3
TOP OF THE 6TH
Baltimore (GCL) Orioles batting - Pitching for Pittsburgh (GCL) Pirates : RHP Joseph Gargallo
Batting: RHB Eddie Medina 0-0: Called Strike
0-1: Hit by Pitch
Batting: LHB Ali Perry 0-0: Ball
1-0: Foul Ball, location: 3FF
1-1: Ball
2-1: Called Strike
2-2: SINGLE (Line Drive, 9LS, EV 96.3 MPH)
Eddie Medina to second
Batting: SHB Mike Martinez 0-0: Called Strike
0-1: Swinging Strike
0-2: Ball
1-2: Ball
2-2: Strikes out swinging
Batting: RHB Rickey Beckon 0-0: Ball
1-0: Fly out, F2 (Popup, 3SF, EV 70.6 MPH)
Batting: LHB Mark Dunlap 0-0: Ball
1-0: Ball
2-0: Foul Ball, location: 23F
2-1: Ball
3-1: Base on Balls
Eddie Medina to third
Ali Perry to second
Batting: RHB Arturo Burgos 0-0: Called Strike
0-1: Fly out, F7 (Flyball, 7, EV 93.8 MPH)
Top of the 6th over - 0 runs, 1 hit, 0 errors, 3 left on base; Baltimore (GCL) 9 - Pittsburgh (GCL) 3
BOTTOM OF THE 6TH
Pittsburgh (GCL) Pirates batting - Pitching for Baltimore (GCL) Orioles : RHP Edgar Martinez
Batting: RHB Dan Madsen 0-0: Called Strike
0-1: Ground out 5-3 (Groundball, 56, EV 85.6 MPH)
Batting: RHB Steve Ruse 0-0: Ball
1-0: Ball
2-0: Called Strike
2-1: SINGLE (Line Drive, 8LS, EV 106.9 MPH)
Batting: RHB Adam Struthers 0-0: Ball
Steve Ruse steals 2nd base
1-0: Fly out, F7 (Flyball, 7LSF, EV 79.4 MPH)
Batting: RHB Craig Shaffer 0-0: Called Strike
0-1: SINGLE (Groundball, 4MD, EV 103.1 MPH)
Steve Ruse to third
Runner from 3rd tries for Home, SAFE, throw by CF to home
Batting: RHB Kevin Frazier 0-0: Foul Ball, location: 9LSF
0-1: Ball
1-1: Ground out 5-3 (Groundball, 56, EV 107.5 MPH)
Bottom of the 6th over - 1 run, 2 hits, 0 errors, 1 left on base; Baltimore (GCL) 9 - Pittsburgh (GCL) 4
TOP OF THE 7TH
Baltimore (GCL) Orioles batting - Pitching for Pittsburgh (GCL) Pirates : RHP Joseph Gargallo
Pitching: RHP Tim Reeves
Batting: RHB Jim Unknown 0-0: Ball
1-0: Ball
2-0: Ground out 6-3 (Groundball, 6, EV 80.6 MPH)
Batting: RHB Matt Wilson 0-0: Called Strike
0-1: Ball
1-1: Foul Ball, location: 2F
1-2: Ball
2-2: SINGLE (Flyball, 8LS, EV 93.8 MPH)
Batting: RHB Francisco Ferrer 0-0: Ball
1-0: Ball
2-0: Swinging Strike
2-1: Fly out, F8 (Flyball, 8LD, EV 98.8 MPH)
Batting: RHB Eddie Medina 0-0: Ball
1-0: Ground out 5-3 (Groundball, 56S, EV 88.8 MPH)
Top of the 7th over - 0 runs, 1 hit, 0 errors, 1 left on base; Baltimore (GCL) 9 - Pittsburgh (GCL) 4
BOTTOM OF THE 7TH
Pittsburgh (GCL) Pirates batting - Pitching for Baltimore (GCL) Orioles : RHP Edgar Martinez
Pitching: RHP Tony Solorzano
Batting: RHB Bruce Cuentas 0-0: Ball
1-0: Ball
2-0: Called Strike
2-1: Ball
3-1: Base on Balls
Batting: RHB Matt Bradley 0-0: Ball
1-0: Ball
2-0: Called Strike
2-1: Foul Ball, location: 2F
2-2: Ball
3-2: Fly out, F7 (Flyball, 7LSF, EV 72.5 MPH)
Batting: RHB Mark Steele 0-0: Foul Ball, location: 23F
0-1: Ball
1-1: Ball
2-1: Ball
3-1: Foul Ball, location: 2F
3-2: Base on Balls
Bruce Cuentas to second
Batting: SHB Nate Esposito 0-0: Swinging Strike
0-1: Foul Ball, location: 2F
0-2: Ball
1-2: Strikes out swinging
Batting: RHB Dan Madsen 0-0: Ball
1-0: Ball
2-0: Foul Ball, location: 2F
2-1: Fly out, F8 (Flyball, 8LXD, EV 88.1 MPH)
Bottom of the 7th over - 0 runs, 0 hits, 0 errors, 2 left on base; Baltimore (GCL) 9 - Pittsburgh (GCL) 4
TOP OF THE 8TH
Baltimore (GCL) Orioles batting - Pitching for Pittsburgh (GCL) Pirates : RHP Tim Reeves
Batting: LHB Ali Perry 0-0: Ball
1-0: Called Strike
1-1: Ball
2-1: Called Strike
2-2: Strikes out swinging, 2-3 out at first.
Batting: SHB Mike Martinez 0-0: Ball
1-0: Ball
2-0: Called Strike
2-1: Foul Ball, location: 23F
2-2: SINGLE (Line Drive, 6MD, EV 99.4 MPH)
Batting: RHB Rickey Beckon 0-0: Called Strike
0-1: Called Strike
0-2: Ball
1-2: Ball
2-2: Foul Ball, location: 2F
2-2: Strikes out swinging
Batting: LHB Mark Dunlap 0-0: Ball
1-0: Ball
2-0: Ball
3-0: Called Strike
3-1: Base on Balls
Mike Martinez to second
Batting: RHB Arturo Burgos 0-0: Foul Ball, location: 25FF
0-1: Foul Ball, location: 9LDF
0-2: Strikes out swinging
Top of the 8th over - 0 runs, 1 hit, 0 errors, 2 left on base; Baltimore (GCL) 9 - Pittsburgh (GCL) 4
BOTTOM OF THE 8TH
Pittsburgh (GCL) Pirates batting - Pitching for Baltimore (GCL) Orioles : RHP Tony Solorzano
Batting: RHB Steve Ruse 0-0: Called Strike
0-1: Called Strike
0-2: Strikes out swinging
Pinch Hitting: RHB Jalen Payne 0-0: Ground out 4-3 (Groundball, 4M, EV 103.8 MPH)
Pinch Hitting: RHB Frank Levin 0-0: Ball
1-0: Ball
2-0: Foul Ball, location: 3SF
2-1: SINGLE (Groundball, 56, EV 95.0 MPH)
Pinch Hitting: LHB Esteban Ortiz 0-0: Ball
1-0: Ball
2-0: Ball
3-0: Base on Balls
Frank Levin to second
Batting: RHB Bruce Cuentas 0-0: DOUBLE (Flyball, 89D, EV 108.1 MPH)
Frank Levin scores
Esteban Ortiz to third
Batting: RHB Matt Bradley 0-0: Ball
1-0: Ball
2-0: Swinging Strike
2-1: Ball
3-1: Called Strike
3-2: Base on Balls
Pitching: RHP Joe Weight
Batting: RHB Mark Steele 0-0: Called Strike
0-1: Ball
1-1: DOUBLE (Line Drive, 9LM, EV 102.5 MPH)
Esteban Ortiz scores
Bruce Cuentas scores
Matt Bradley to third
Batting: SHB Nate Esposito 0-0: Foul Ball, location: 3F
0-1: Foul Ball, location: 3FF
0-2: Strikes out swinging
Bottom of the 8th over - 3 runs, 3 hits, 0 errors, 2 left on base; Baltimore (GCL) 9 - Pittsburgh (GCL) 7
TOP OF THE 9TH
Baltimore (GCL) Orioles batting - Pitching for Pittsburgh (GCL) Pirates : RHP Tim Reeves
Pitching: LHP Tom Roberts
Now at 1B: Frank Levin
Now at 3B: Jalen Payne
Now in RF: Esteban Ortiz
Batting: RHB Jim Unknown 0-0: Called Strike
0-1: Ground out 1-3 (Groundball, P, EV 65.0 MPH)
Batting: RHB Matt Wilson 0-0: Called Strike
0-1: Swinging Strike
0-2: Fly out, F5 (Popup, 25, EV 87.5 MPH)
Batting: RHB Francisco Ferrer 0-0: Called Strike
0-1: Ball
1-1: Called Strike
1-2: Ball
2-2: Strikes out swinging
Top of the 9th over - 0 runs, 0 hits, 0 errors, 0 left on base; Baltimore (GCL) 9 - Pittsburgh (GCL) 7
BOTTOM OF THE 9TH
Pittsburgh (GCL) Pirates batting - Pitching for Baltimore (GCL) Orioles : RHP Joe Weight
Batting: RHB Dan Madsen 0-0: DOUBLE (Flyball, 89XD, EV 97.5 MPH)
Batting: RHB Steve Ruse 0-0: Foul Ball, location: 9LDF
0-1: Ball
1-1: Foul Ball, location: 2F
1-2: Strikes out swinging
Batting: RHB Jalen Payne 0-0: Fly out, F3 (Popup, 3, EV 69.4 MPH)
Batting: RHB Frank Levin 0-0: Called Strike
0-1: DOUBLE (Line Drive, 78D, EV 101.9 MPH)
Dan Madsen scores
Batting: LHB Esteban Ortiz 0-0: Ball
1-0: Ball
2-0: Called Strike
2-1: Ball
3-1: Foul Ball, location: 9LMF
3-2: Base on Balls
Pinch Hitting: RHB James Stutzman 0-0: Ground out 5-3 (Groundball, 56S, EV 83.8 MPH)
Bottom of the 9th over - 1 run, 2 hits, 0 errors, 2 left on base; Baltimore (GCL) 9 - Pittsburgh (GCL) 8
Saturday, May 11th , 2024 - OOTP Baseball 24.11 Build 85